DRAKE
BOGOTA SCHOLARS @ PORT OF SPAIN ROYALES
06/06/2058
 
TOP OF THE 1ST
Bogota Scholars batting - Pitching for Port of Spain Royales : LHP Yun Gan
Pitching: LHP Yun Gan
Batting: LHB Octávio Vázquez 0-0: Ground out U3 (Groundball, 3, EV 93.8 MPH)
Batting: RHB Enrique Nieto 0-0: Foul Ball, location: 3SF
0-1: Ball
1-1: Ball
2-1: Ball
3-1: Swinging Strike
3-2: Foul Ball, location: 2F
3-2: SINGLE (Groundball, 4MD, EV 100.0 MPH)
Batting: LHB Manny Martínez 0-0: Called Strike
0-1: Fly out, F8 (Flyball, 8LD, EV 96.9 MPH)
Batting: RHB Juan García 0-0: Called Strike
0-1: Ball
1-1: Foul Ball, location: 5DF
1-2: Fielders Choice at 2nd, 6-4 (Groundball, 6, EV 77.5 MPH)
Top of the 1st over - 0 runs, 1 hit, 0 errors, 1 left on base; Bogota 0 - Port of Spain 0
BOTTOM OF THE 1ST
Port of Spain Royales batting - Pitching for Bogota Scholars : RHP Azhar bin Kamil
Pitching: RHP Azhar bin Kamil
Batting: RHB Theophilus Pratkanis 0-0: Ball
1-0: Swinging Strike
1-1: Foul Ball, location: 9LSFF
1-2: Single, Error in OF, E8, batter to second base (Line Drive, 8RS, EV 96.9 MPH)
Batting: RHB Miguel Guerrero 0-0: Foul Ball, location: 23F
0-1: SINGLE (Line Drive, 6MD, EV 97.5 MPH)
Theophilus Pratkanis to third
Runner from 3rd tries for Home, throw by CF and OUT! 8-2
Miguel Guerrero to second
Batting: SHB Çelik Lüfi 0-0: Ground out 4-3 (Groundball, 34, EV 80.0 MPH)
Miguel Guerrero to third
Batting: RHB Abu al Khayr bin Mu'ayyad 0-0: Ball
1-0: Called Strike
1-1: Fly out, F6 (Popup, 4MD, EV 51.9 MPH)
Bottom of the 1st over - 0 runs, 2 hits, 1 error, 1 left on base; Bogota 0 - Port of Spain 0
TOP OF THE 2ND
Bogota Scholars batting - Pitching for Port of Spain Royales : LHP Yun Gan
Batting: RHB Cisco Sosa 0-0: Ball
1-0: Ball
2-0: Ground out U3 (Groundball, 3, EV 88.8 MPH)
Batting: LHB Claudio Acevedo 0-0: Ball
1-0: Ball
2-0: SINGLE (Line Drive, 78S, EV 97.5 MPH)
Batting: RHB Marcos López 0-0: Foul Ball, location: 23FF
0-1: Ball
1-1: Swinging Strike
1-2: Foul Ball, location: 9LDF
1-2: Ball
2-2: Grounds into double play, 6-4-3 (Groundball, 6, EV 88.8 MPH)
Top of the 2nd over - 0 runs, 1 hit, 0 errors, 0 left on base; Bogota 0 - Port of Spain 0
BOTTOM OF THE 2ND
Port of Spain Royales batting - Pitching for Bogota Scholars : RHP Azhar bin Kamil
Batting: RHB Bernardo Flores 0-0: Ball
1-0: Swinging Strike
1-1: SINGLE (Groundball, 34, EV 98.1 MPH) (infield hit)
Batting: RHB Ricardo Romo 0-0: Foul Ball, location: 3DF
0-1: Ball
1-1: Ball
2-1: Foul Ball, location: 3F
2-2: Foul Ball, location: 5FF
2-2: Grounds into double play, 6-4-3 (Groundball, 6, EV 84.4 MPH)
Batting: SHB Ekela Kirila 0-0: Ball
1-0: Called Strike
1-1: Called Strike
1-2: Foul Ball, location: 2F
1-2: SINGLE (Flyball, 78S, EV 98.1 MPH)
Batting: LHB Rais Wa'il 0-0: Ball
Wild Pitch!
Ekela Kirila to second
1-0: Ball
2-0: Fly out, F7 (Flyball, 7S, EV 87.5 MPH)
Bottom of the 2nd over - 0 runs, 2 hits, 0 errors, 1 left on base; Bogota 0 - Port of Spain 0
TOP OF THE 3RD
Bogota Scholars batting - Pitching for Port of Spain Royales : LHP Yun Gan
Batting: LHB Brett Gibson 0-0: Ground out 4-3 (Groundball, 34D, EV 101.3 MPH)
Batting: RHB Leonardo Tapia 0-0: Ball
1-0: Called Strike
1-1: Ball
2-1: Foul Ball, location: 9LDF
2-2: Ball
3-2: Strikes out looking
Batting: LHB Octávio Vázquez 0-0: Called Strike
0-1: Ball
1-1: Ball
2-1: Ball
3-1: Base on Balls
Batting: RHB Enrique Nieto 0-0: Called Strike
0-1: Ball
Octávio Vázquez is caught stealing 2nd base 2-4
Top of the 3rd over - 0 runs, 0 hits, 0 errors, 0 left on base; Bogota 0 - Port of Spain 0
BOTTOM OF THE 3RD
Port of Spain Royales batting - Pitching for Bogota Scholars : RHP Azhar bin Kamil
Batting: RHB Hatim bin Abdel 0-0: Swinging Strike
0-1: Ground out 1-5-3 (Groundball, 15S, EV 95.0 MPH)
Batting: RHB Theophilus Pratkanis 0-0: Fly out, F8 (Line Drive, 8RM, EV 96.3 MPH)
Batting: RHB Miguel Guerrero 0-0: Ball
1-0: Called Strike
1-1: Foul Ball, location: 2F
1-2: Ball
2-2: Ball
3-2: Fly out, F9 (Flyball, 9S, EV 97.5 MPH)
Bottom of the 3rd over - 0 runs, 0 hits, 0 errors, 0 left on base; Bogota 0 - Port of Spain 0
TOP OF THE 4TH
Bogota Scholars batting - Pitching for Port of Spain Royales : LHP Yun Gan
Batting: RHB Enrique Nieto 0-0: Ball
1-0: Ball
2-0: Ball
3-0: Base on Balls
Batting: LHB Manny Martínez 0-0: Ball
1-0: Ball
2-0: Swinging Strike
2-1: Ball
3-1: Base on Balls
Enrique Nieto to second
Batting: RHB Juan García 0-0: Called Strike
0-1: DOUBLE (Line Drive, 89D, EV 108.8 MPH)
Enrique Nieto scores
Manny Martínez to third
Batting: RHB Cisco Sosa 0-0: Ball
1-0: Ball
2-0: Foul Ball, location: 2F
2-1: SINGLE (Groundball, 4MD, EV 95.0 MPH)
Manny Martínez scores
Juan García to third
Batting: LHB Claudio Acevedo 0-0: Foul Ball, location: 2F
0-1: Ball
1-1: Ball
2-1: Grounds into double play, 4-6-3 (Groundball, 4, EV 101.3 MPH)
Batting: RHB Marcos López 0-0: Ball
1-0: Ball
2-0: Ball
3-0: Called Strike
3-1: Foul Ball, location: 2F
3-2: Ground out 5-3 (Groundball, 56, EV 88.8 MPH)
Top of the 4th over - 2 runs, 2 hits, 0 errors, 1 left on base; Bogota 2 - Port of Spain 0
BOTTOM OF THE 4TH
Port of Spain Royales batting - Pitching for Bogota Scholars : RHP Azhar bin Kamil
Batting: SHB Çelik Lüfi 0-0: Ball
1-0: Foul Ball, location: 2F
1-1: Foul Ball, location: 3FF
1-2: Ground out U3 (Groundball, 3, EV 81.9 MPH)
Batting: RHB Abu al Khayr bin Mu'ayyad 0-0: SINGLE (Line Drive, 7S, EV 91.3 MPH)
Batting: RHB Bernardo Flores 0-0: Called Strike
0-1: 2-RUN HOME RUN (Flyball, 9LD, EV 92.5 MPH), Distance : 343 ft
Batting: RHB Ricardo Romo 0-0: Called Strike
0-1: Swinging Strike
0-2: Ball
1-2: Ball
2-2: Ball
3-2: Ground out U3 (Groundball, 13, EV 80.6 MPH)
Batting: SHB Ekela Kirila 0-0: Called Strike
0-1: Called Strike
0-2: Strikes out looking
Bottom of the 4th over - 2 runs, 2 hits, 0 errors, 0 left on base; Bogota 2 - Port of Spain 2
TOP OF THE 5TH
Bogota Scholars batting - Pitching for Port of Spain Royales : LHP Yun Gan
Batting: LHB Brett Gibson 0-0: Called Strike
0-1: Foul Ball, location: 2LF
0-2: Ball
1-2: Ball
2-2: Ball
3-2: Foul Ball, location: 2F
3-2: Strikes out swinging
Batting: RHB Leonardo Tapia 0-0: Called Strike
0-1: Fly out, F7 (Flyball, 78M, EV 86.3 MPH)
Batting: LHB Octávio Vázquez 0-0: Ball
1-0: Called Strike
1-1: Ball
2-1: Called Strike
2-2: Ball
3-2: Base on Balls
Batting: RHB Enrique Nieto 0-0: Fly out, F3 (Popup, 3L, EV 80.0 MPH)
Top of the 5th over - 0 runs, 0 hits, 0 errors, 1 left on base; Bogota 2 - Port of Spain 2
BOTTOM OF THE 5TH
Port of Spain Royales batting - Pitching for Bogota Scholars : RHP Azhar bin Kamil
Batting: LHB Rais Wa'il 0-0: Called Strike
0-1: Called Strike
0-2: Ground out 6-3 (Groundball, 4M, EV 83.8 MPH)
Batting: RHB Hatim bin Abdel 0-0: Ground out 5-3 (Groundball, 5, EV 86.3 MPH)
Batting: RHB Theophilus Pratkanis 0-0: Ball
1-0: Ground out 1-3 (Groundball, 13S, EV 68.8 MPH)
Bottom of the 5th over - 0 runs, 0 hits, 0 errors, 0 left on base; Bogota 2 - Port of Spain 2
TOP OF THE 6TH
Bogota Scholars batting - Pitching for Port of Spain Royales : LHP Yun Gan
Batting: LHB Manny Martínez 0-0: Ball
1-0: Foul Ball, location: 9LSFF
1-1: Ball
2-1: Ground out 4-3 (Groundball, 4, EV 81.9 MPH)
Pitching: RHP Miguel Serrano
Pinch Hitting: SHB Reginaldo Goretti 0-0: Fly out, F7 (Flyball, 7S, EV 91.9 MPH)
Batting: RHB Cisco Sosa 0-0: Ball
1-0: Ball
2-0: Swinging Strike
2-1: SINGLE (Line Drive, 34D, EV 98.1 MPH)
Batting: LHB Claudio Acevedo 0-0: Ball
1-0: Called Strike
1-1: Foul Ball, location: 5FF
1-2: Ball
2-2: Foul Ball, location: 2F
2-2: Ground out U3 (Groundball, 3, EV 81.9 MPH)
Top of the 6th over - 0 runs, 1 hit, 0 errors, 1 left on base; Bogota 2 - Port of Spain 2
BOTTOM OF THE 6TH
Port of Spain Royales batting - Pitching for Bogota Scholars : RHP Azhar bin Kamil
Now at 1B: Jubair Nazim
Batting: RHB Miguel Guerrero 0-0: Foul Ball, location: 3DF
0-1: Ball
1-1: Ball
2-1: Ball
3-1: Base on Balls
Batting: SHB Çelik Lüfi 0-0: Called Strike
0-1: Ball
1-1: Ball
2-1: Ball
3-1: Foul Ball, location: 2F
3-2: Base on Balls
Miguel Guerrero to second
Batting: RHB Abu al Khayr bin Mu'ayyad 0-0: Ball
1-0: Ball
2-0: Called Strike
2-1: Fly out, F8 (Flyball, 8RD, EV 83.8 MPH)
Batting: RHB Bernardo Flores 0-0: Ball
1-0: Called Strike
1-1: Ball
2-1: Fly out, F2 (Popup, 25F, EV 89.4 MPH)
Batting: RHB Ricardo Romo 0-0: Ball
1-0: Ball
2-0: SINGLE (Groundball, 6MD, EV 110.6 MPH)
Miguel Guerrero to third
Çelik Lüfi to second
Runner from 3rd tries for Home, SAFE, throw by CF to home
Batting: SHB Ekela Kirila 0-0: Ball
1-0: Fly out, F7 (Flyball, 7LSF, EV 87.5 MPH)
Bottom of the 6th over - 1 run, 1 hit, 0 errors, 2 left on base; Bogota 2 - Port of Spain 3
TOP OF THE 7TH
Bogota Scholars batting - Pitching for Port of Spain Royales : RHP Miguel Serrano
Batting: RHB Marcos López 0-0: Called Strike
0-1: Foul Ball, location: 2F
0-2: Ball
1-2: Ball
2-2: Foul Ball, location: 7LMF
2-2: SINGLE (Flyball, 8RS, EV 99.4 MPH)
Batting: LHB Brett Gibson 0-0: Ball
1-0: Called Strike
1-1: Swinging Strike
1-2: Ball
2-2: Strikes out looking
Pitching: RHP Faddei Popleteev
Batting: RHB Leonardo Tapia 0-0: Called Strike
0-1: Ball
1-1: Foul Ball, location: 2F
1-2: SINGLE (Line Drive, 78S, EV 95.0 MPH)
Marcos López to second
Pinch Runner at 2nd Trey Dennis:
Batting: LHB Octávio Vázquez 0-0: Ball
1-0: Called Strike
1-1: Swinging Strike
1-2: Ball
2-2: Strikes out swinging
Batting: RHB Enrique Nieto 0-0: Called Strike
0-1: Foul Ball, location: 2F
0-2: Ball
1-2: Fly out, F8 (Flyball, 8LXD, EV 103.8 MPH)
Top of the 7th over - 0 runs, 2 hits, 0 errors, 2 left on base; Bogota 2 - Port of Spain 3
BOTTOM OF THE 7TH
Port of Spain Royales batting - Pitching for Bogota Scholars : RHP Azhar bin Kamil
Now at SS: Trey Dennis
Batting: LHB Rais Wa'il 0-0: Ground out 6-3 (Groundball, 6M, EV 97.5 MPH)
Batting: RHB Hatim bin Abdel 0-0: Foul Ball, location: 3SF
0-1: Foul Ball, location: 2F
0-2: Foul Ball, location: 9LDF
0-2: SINGLE (Groundball, 6, EV 82.5 MPH) (infield hit)
Batting: RHB Theophilus Pratkanis 0-0: Ball
1-0: Foul Ball, location: 7LSF
1-1: Ball
2-1: Ball
3-1: Hit by Pitch
Hatim bin Abdel to second
Batting: RHB Miguel Guerrero 0-0: Ball
1-0: Foul Ball, location: 25F
1-1: Swinging Strike
1-2: Strikes out looking
Batting: SHB Çelik Lüfi 0-0: Ball
1-0: Ball
2-0: Swinging Strike
2-1: Ball
3-1: Base on Balls
Hatim bin Abdel to third
Theophilus Pratkanis to second
Pitching: LHP Jesús Martínez
Batting: RHB Abu al Khayr bin Mu'ayyad 0-0: Swinging Strike
0-1: Swinging Strike
0-2: Strikes out swinging
Bottom of the 7th over - 0 runs, 1 hit, 0 errors, 3 left on base; Bogota 2 - Port of Spain 3
TOP OF THE 8TH
Bogota Scholars batting - Pitching for Port of Spain Royales : RHP Faddei Popleteev
Batting: LHB Manny Martínez 0-0: Ball
1-0: Ground out U3 (Groundball, 3L, EV 81.9 MPH)
Pitching: LHP Alberto Rodríguez
Batting: SHB Jubair Nazim 0-0: Ball
1-0: Called Strike
1-1: Called Strike
1-2: Fly out, F7 (Flyball, 7, EV 100.0 MPH)
Batting: RHB Cisco Sosa 0-0: Called Strike
0-1: Ball
1-1: Ball
2-1: Swinging Strike
2-2: Foul Ball, location: 2F
2-2: Strikes out swinging
Top of the 8th over - 0 runs, 0 hits, 0 errors, 0 left on base; Bogota 2 - Port of Spain 3
BOTTOM OF THE 8TH
Port of Spain Royales batting - Pitching for Bogota Scholars : LHP Jesús Martínez
Batting: RHB Bernardo Flores 0-0: Ball
1-0: Ball
2-0: Foul Ball, location: 2F
2-1: Ball
3-1: Swinging Strike
3-2: Strikes out swinging
Batting: RHB Ricardo Romo 0-0: Ground out 5-3 (Groundball, 15, EV 80.0 MPH)
Batting: SHB Ekela Kirila 0-0: SINGLE (Groundball, 6, EV 83.8 MPH)
Pinch Hitting: SHB José Smith 0-0: Fielders Choice at 2nd, 6-4 (Groundball, 6, EV 100.6 MPH)
Bottom of the 8th over - 0 runs, 1 hit, 0 errors, 1 left on base; Bogota 2 - Port of Spain 3
TOP OF THE 9TH
Bogota Scholars batting - Pitching for Port of Spain Royales : LHP Alberto Rodríguez
Pitching: RHP Pepe Burgos
Now in LF: Zahir Abraha
Batting: LHB Claudio Acevedo 0-0: Ball
1-0: Called Strike
1-1: Called Strike
1-2: Ball
2-2: Strikes out looking
Pinch Hitting: RHB Paul Jameson 0-0: Ball
1-0: Ball
2-0: Foul Ball, location: 2F
2-1: Swinging Strike
2-2: Foul Ball, location: 25F
2-2: Ball
3-2: Foul Ball, location: 2F
3-2: Base on Balls
Batting: LHB Brett Gibson 0-0: Ball
1-0: Called Strike
1-1: Ball
2-1: Ball
3-1: Foul Ball, location: 2F
3-2: Base on Balls
Paul Jameson to second
Pitching: RHP Miguel Ramírez
Pinch Hitting: LHB Vasya Zemlyansky 0-0: Ball
1-0: Ball
2-0: Fly out, F2 (Popup, 25F, EV 76.3 MPH)
Batting: LHB Octávio Vázquez 0-0: Ball
1-0: Called Strike
1-1: Ground out U3 (Groundball, 3, EV 86.3 MPH)
Top of the 9th over - 0 runs, 0 hits, 0 errors, 2 left on base; Bogota 2 - Port of Spain 3
Friday, March 1st , 2024 - OOTP Baseball 24.9 Build 78